 Dungeon Crawl Stone Soup version 0.31-a0-263-ge8cad7f256 (webtiles) character file.

Game seed: 825180210703551607

62 qw the Shooter (level 3, -3/29 HPs)
             Began as a Minotaur Hexslinger on July 13, 2023.
             Slain by a gnoll
             ... wielding a +3 spear
              (4 damage)
             ... on level 3 of the Dungeon.
             The game lasted 00:00:29 (1381 turns).

qw the Shooter (Minotaur Hexslinger)                Turns: 1381, Time: 00:00:29

Health: -3/29      AC:  5    Str: 12    XL:     3   Next: 85%
Magic:  3/3        EV: 11    Int: 10    God:
Gold:   120        SH:  0    Dex: 14    Spells: 3/4 levels left

rFire   . . .        Y - +2 sling (chaos)
rCold   . . .        (no shield)
rNeg    . . .        d - +0 ring mail
rPois   .            (helmet restricted)
rElec   .            (no cloak)
rCorr   .            (no gloves)
SInv    .            (no boots)
Will    .....        (no amulet)
Stlth   +            (no ring)
HPRegen 0.24/turn    (no ring)
MPRegen 0.08/turn

%: no passive effects
@: no status effects
A: horns 2, retaliatory headbutt
a: no special abilities


You were on level 3 of the Dungeon.
You visited 1 branch of the dungeon, and saw 3 of its levels.

You collected 120 gold pieces.


Innate Abilities, Weirdness & Mutations

You have a pair of horns on your head.
You reflexively headbutt those who attack you in melee.


   Skills:
 - Level 2.0 Fighting
 + Level 4.2 Ranged Weapons
 - Level 1.0 Armour
 - Level 2.1 Dodging
 - Level 1.0 Spellcasting
 - Level 2.0 Hexes


You had 3 spell levels left.
You knew the following spells:

 Your Spells              Type           Power      Damage    Failure   Level
a - Slow                  Hex            16%        N/A       34%         1

Your spell library contained the following spells:

 Spells                   Type           Power      Damage    Failure   Level
 Inner Flame              Hex/Fire       2%         N/A       83%         3
 Portal Projectile        Hex/Tloc       4%         N/A       83%         3
 Cause Fear               Hex            2%         N/A       98%         4

Inventory:

Hand Weapons
 Y - a +2 sling of chaos (weapon)
Armour
 d - a +0 ring mail (worn)
Scrolls
 a - a scroll of torment {unknown}
Potions
 b - a potion of berserk rage {unknown}
 f - a potion of heal wounds {unknown}
 g - 2 potions of resistance
 h - a potion of lignification {unknown}

Dungeon Overview and Level Annotations

Branches:
Dungeon (3/15)

Altars:

Shops:
D:2 (


Message History

The sling bullet closely misses the gnoll.
You shoot a sling bullet.
The sling bullet barely misses the gnoll.
You shoot a sling bullet.
The sling bullet barely misses the gnoll.
The gnoll shouts!
The gnoll hits you with a +0 whip. The gnoll hits you but does no damage.
The gnoll misses you.
You shoot a sling bullet.
The sling bullet hits the gnoll but does no damage.
The gnoll is moderately wounded.
The gnoll hits you but does no damage.
The gnoll hits you from afar with a +3 spear!
You shoot a sling bullet.
The sling bullet closely misses the gnoll.
The gnoll barely misses you. The gnoll closely misses you.
You shoot a sling bullet. The sling bullet hits the gnoll.
The gnoll is heavily wounded.
The gnoll hits you from afar with a +3 spear.
The gnoll hits you but does no damage.
You shoot a sling bullet.
The sling bullet hits the gnoll but does no damage.
The gnoll is poisoned.
The gnoll is heavily wounded.
The gnoll hits you from afar with a +3 spear.
The gnoll barely misses you. The gnoll hits you but does no damage.
The gnoll hits you with a +0 whip!
You shoot a sling bullet. The sling bullet hits the gnoll.
The gnoll seems to grow stronger.
The gnoll is severely wounded.
The gnoll barely misses you. The gnoll closely misses you.
You shoot a sling bullet.
The sling bullet barely misses the gnoll.
The gnoll barely misses you. The gnoll closely misses you.
You shoot a sling bullet. The sling bullet hits the gnoll.
The sling bullet burns the gnoll.
The gnoll is almost dead.
You kill the gnoll!
The gnoll hits you from afar with a +3 spear. x2
You die...

## ##. ##..
##### #...
...# ... #..#
..##.#.#######
#..#
#......@.....#
#..#
..####)#####.#
#..# #g
#.######..###
#g
#......#.....
#.
#..###.......
#.
#.####...###.
#.
#.#~~~~~~##..
..
######|..#%..
............).


You could see 2 gnolls.

Vanquished Creatures
  2 gnolls (D:3)
  2 adders (D:2)
  2 bats (D:1)
  4 endoplasms
  A giant cockroach (D:2)
  3 goblins
  A hobgoblin (D:1)
  4 jackals (D:2)
  3 kobolds
  3 quokkas
  4 ball pythons
  2 frilled lizards
  4 rats
35 creatures vanquished.

Notes
Turn   | Place    | Note
-------+----------+-------------------------------------------
     0 | D:1      | qw the Minotaur Hexslinger began the quest for the Orb.
     0 | D:1      | Reached XP level 1. HP: 16/16 MP: 1/1
     0 | D:1      | 0 ||| qw: Version: 0.3-a-52-g30416fa
     0 | D:1      | 0 ||| qw: Game counter: 7489
     0 | D:1      | 0 ||| qw: Melee chars always use a shield: true
     0 | D:1      | 0 ||| qw: God list: Okawaru
     0 | D:1      | 0 ||| qw: Allow faded altars: false
     0 | D:1      | 0 ||| qw: Do Orc after clearing Dungeon:15 true
     0 | D:1      | 0 ||| qw: Do second Lair branch before Depths: true
     0 | D:1      | 0 ||| qw: Lair rune preference: random
     0 | D:1      | 0 ||| qw: Goals: Normal
     0 | D:1      | 0 ||| PLANNING D:1-11
   277 | D:1      | Reached skill level 3 in Ranged Weapons
   309 | D:1      | Reached XP level 2. HP: 16/23 MP: 2/2
   739 | D:1      | 739 ||| UPGRADING to +0 ring mail.
   749 | D:1      | 749 ||| DROPPING +0 robe.
   750 | D:1      | 750 ||| READING scroll labelled URILUF TIZYPSI.
   751 | D:1      | 751 ||| READING scroll labelled UKLATA PENGE.
   852 | D:1      | 852 ||| READING scroll labelled KAUQ VUFOE.
   853 | D:1      | 853 ||| READING scroll labelled KYDATI NOFIJU.
   858 | D:1      | 858 ||| READING scroll labelled WIHIMU ZIESCHI.
   859 | D:1      | 859 ||| DROPPING scroll of poison.
   885 | D:2      | Found Ipacum Uzxoe's Weapon Shoppe.
   900 | D:2      | 900 ||| SHOPLISTING +2 longbow of draining (237 gold, have
                  | 87).
   928 | D:2      | Found a faded altar of an unknown god.
   943 | D:2      | Reached XP level 3. HP: 29/29 MP: 3/3
   992 | D:2      | Reached skill level 4 in Ranged Weapons
  1287 | D:2      | 1287 ||| READING scroll labelled AWOBRE QIFA.
  1288 | D:2      | 1288 ||| DRINKING 3 bubbling clear potions.
  1308 | D:3      | 1308 ||| PLANNING SEWER
  1343 | D:3      | Reached skill level 1 in Armour
  1378 | D:3      | HP: 6/29 [gnoll/+0 whip (7)]
  1381 | D:3      | HP: 1/29 [gnoll/+3 spear (6)]
  1381 | D:3      | Slain by a gnoll

Levels and vault maps discovered:
D:1:      dpeg_arrival_renting, layout_basic, minmay_domino_4
D:2:      layout_rooms, serial_shops, nicolae_shop_statue_plus,
          hellmonk_ecumenical_altar_slurped_away
D:3:      layout_loops_ring, cheibrodos_sewer_entry_drain, serial_rivers,
          chequers_serial_rivers_room_a, chequers_serial_rivers_micro_b,
          chequers_serial_rivers_marsh, chequers_serial_rivers_small_b,
          chequers_serial_rivers_micro_b, chequers_serial_rivers_small_3

Skill      XL: |  1  2  3 |
---------------+----------+-----
Ranged Weapons | 3 4 |  4.2
Fighting       | 2 |  2.0
Armour         | 1 |  1.0
Dodging        | |  2.1
Spellcasting   | |  1.0
Hexes          | |  2.0

Action                     || total
---------------------------++-------
   Fire: Sling             ||   103
    Use: Scroll            ||     6
         Potion            ||     1
 Armour: Robe              ||     6
         Ring mail         ||    13
  Dodge: Dodged            ||    34

Table legend:
 A = Non-vault XP
 B = Vault XP
 C = Vault XP percentage of total XP
 D = Non-vault monster count
 E = Vault monster count
 F = Vault count percentage of total count
                 A         B        C        D         E       F
            +---------+---------+-------+---------+---------+-------
      Total |      96 |       8 |   7.7 |      30 |       5 |  14.3
            +---------+---------+-------+---------+---------+-------
        D:1 |      16 |       6 |  27.3 |      11 |       4 |  26.7
        D:2 |      45 |       2 |   4.3 |      14 |       1 |   6.7
        D:3 |      35 |       0 |   0.0 |       5 |       0 |   0.0
            +---------+---------+-------+---------+---------+-------
